 Dungeon Crawl Stone Soup version 0.29.0-4-gdea44cf6ec (webtiles) character file.

Game seed: 16873718191252624632

93 qw the Chopper (level 4, -2/26 HPs)
             Began as a Tengu Warper on Aug 28, 2022.
             Slain by Natasha (8 damage)
             ... on level 2 of the Dungeon.
             The game lasted 00:00:12 (2610 turns).

qw the Chopper (Tengu Warper)                       Turns: 2610, Time: 00:00:13

Health: -2/26      AC:  3    Str: 13    XL:     4   Next: 62%
Magic:  8/8        EV: 12    Int: 13    God:
Gold:   83         SH:  0    Dex: 14    Spells: 7/7 levels left

rFire   . . .      SeeInvis .   Y - +0 hand axe
rCold   . . .      Faith    .   (no shield)
rNeg    . . .      Spirit   .   b - +0 leather armour
rPois   .          Reflect  .   (helmet restricted)
rElec   .          Harm     .   (no cloak)
rCorr   .          Rampage  .   (no gloves)
Will    .....                   (boots unavailable)
Stlth   +.........              (no amulet)
HPRegen 0.08/turn               (no ring)
MPRegen 0.11/turn               (no ring)

@: slowed, very slow
A: beak, talons 3
a: no special abilities


You were on level 2 of the Dungeon.
You visited 1 branch of the dungeon, and saw 2 of its levels.

You collected 83 gold pieces.


Innate Abilities, Weirdness & Mutations

You have a beak for a mouth.
You have claws for feet.


   Skills:
 - Level 2.0 Fighting
 + Level 5.2 Axes
 - Level 1.0 Throwing
 - Level 1.1 Armour
 - Level 2.1 Dodging
 - Level 2.0 Spellcasting
 - Level 2.4 Translocations


You had 7 spell levels left.
You didn't know any spells.
Your spell library contained the following spells:

 Spells                   Type           Power      Damage    Failure   Level
 Blink                    Tloc           14%        N/A       19%         2
 Gell's Gravitas          Tloc           7%         N/A       36%         3
 Lesser Beckoning         Tloc           7%         N/A       36%         3
 Teleport Other           Tloc           7%         N/A       36%         3
 Manifold Assault         Tloc           7%         N/A       98%         5

Inventory:

Hand Weapons
 l - the +4 hammer "Wyrph" {speed, Will+ Str+2 Stlth+}
   (You found it on level 2 of the Dungeon)

   Attacks with this weapon are significantly faster.
   Str:       It affects your strength (+2).
   Will:      It increases your willpower.
   Stlth:     It makes you more stealthy.
 Y - a +0 hand axe (weapon)
Armour
 b - a +0 leather armour (worn)
 d - a +0 ring mail
 e - a +0 scale mail
Scrolls
 a - 2 scrolls of identify
 i - a scroll of enchant weapon {unknown}
 j - a scroll of butterflies {unknown}
 k - 2 scrolls of poison {unknown}
 m - a scroll of amnesia {unknown}
Potions
 c - a potion of flight {unknown}
 f - a potion of ambrosia {unknown}
 g - a potion of invisibility {unknown}
 h - a potion of heal wounds {unknown}

Dungeon Overview and Level Annotations

Branches:
Dungeon (2/15)

Altars:

Annotations:
D:2 1 runed translucent door, Crazy Yiuf, Natasha


Message History

There is a large open door here.
You open the large door.
There is a large open door here.
You see here a +0 leather armour.
You see here a scroll of blinking.
You see here a +0 dagger.
Natasha, Servant of Life and Death comes into view.
Natasha hisses angrily.
2599 ||| Stepping ~*~*~tactically~*~*~ (hiding).
2600 ||| Stepping ~*~*~tactically~*~*~ (hiding).
Natasha barely misses you.
You hit Natasha but do no damage. Your kick misses Natasha.
Natasha claws you but does no damage.
You miss Natasha. Your kick misses Natasha. You peck Natasha.
Your punch misses Natasha.
Natasha is lightly wounded.
Natasha casts a spell at you.
You feel yourself slow down.
You barely miss Natasha.
Natasha is lightly wounded.
Natasha claws you!
You hit Natasha. Your peck misses Natasha.
Natasha is moderately wounded.
Natasha barely misses you. Natasha closely misses you.
You barely miss Natasha. You claw Natasha, but do no damage. You punch Natasha.
Natasha is moderately wounded.
Natasha barely misses you. Natasha claws you.
You slash Natasha! You claw Natasha.
Natasha is almost dead.
Natasha claws you.
You closely miss Natasha.
Natasha is almost dead.
Natasha closely misses you. Natasha claws you.
You closely miss Natasha. Your kick misses Natasha. Your peck misses Natasha.
Natasha is almost dead.
Natasha claws you but does no damage.
You barely miss Natasha. Your kick misses Natasha.
Natasha is almost dead.
Natasha claws you!
You die...

#.#### 7.77 #.######%..###....
.....# 77.77 #.####...#........
.....# 7...77 #.##.....#####....
.....# 7....7 #........# #....
.(...# #..).# #.#......# #....
.....###....####.#......#####....
.................#......##.......
...........#............##.####.#
(.........##...h@.......##.##....
#......>.......##.............###
#.......................>.......#
.....................#..#######..
.................................
...........###........#########..
...........###.(...^.## #..
.............#.......# #..
#..............####### #..


You could see Natasha.

Vanquished Creatures
  Natasha (D:2)
  3 adders (D:2)
  A worm (D:2)
  A dart slug (D:2)
  6 ball pythons
  2 endoplasms
  A giant cockroach (D:2)
  4 goblins (D:1)
  4 hobgoblins
  2 jackals (D:2)
  A quokka (D:1)
  3 bats (D:1)
  A frilled lizard (D:1)
  A kobold (D:2)
  8 rats
39 creatures vanquished.

Vanquished Creatures (others)
  A fungus (D:1)
  2 plants (D:1)
3 creatures vanquished.

Grand Total: 42 creatures vanquished

Notes
Turn   | Place    | Note
-------+----------+-------------------------------------------
     0 | D:1      | qw the Tengu Warper began the quest for the Orb.
     0 | D:1      | Reached XP level 1. HP: 12/12 MP: 4/4
     0 | D:1      | 0 ||| qw: Version: 0.1-a-89-g26bdef1
     0 | D:1      | 0 ||| qw: Game counter: 1401
     0 | D:1      | 0 ||| qw: Always use a shield: true
     0 | D:1      | 0 ||| qw: God list: Okawaru
     0 | D:1      | 0 ||| qw: Allow faded altars: false
     0 | D:1      | 0 ||| qw: Do Orc after D:15 true
     0 | D:1      | 0 ||| qw: Do second Lair branch before Depths: true
     0 | D:1      | 0 ||| qw: Lair rune preference: random
     0 | D:1      | 0 ||| qw: Plans: Normal
     0 | D:1      | 0 ||| PLANNING D:1-11
   305 | D:1      | Reached XP level 2. HP: 17/17 MP: 6/6
   317 | D:1      | Reached skill level 3 in Axes
   417 | D:1      | Found a faded altar of an unknown god.
  1097 | D:1      | 1097 ||| READING scroll labelled BIHIOPTISHY.
  1098 | D:1      | 1098 ||| DROPPING scroll of blinking.
  1200 | D:2      | Reached XP level 3. HP: 6/21 MP: 7/7
  1204 | D:2      | Reached skill level 4 in Axes
  1547 | D:2      | Identified the +4 hammer "Wyrph" {speed, Will+ Str+2
                  | Stlth+}
  1549 | D:2      | 1549 ||| DROPPING +1 whip of flaming.
  1553 | D:2      | Found a runed translucent door.
  1554 | D:2      | Noticed Crazy Yiuf
  1859 | D:2      | Reached XP level 4. HP: 18/26 MP: 8/8
  2007 | D:2      | Noticed Natasha
  2014 | D:2      | HP: 1/26 [Natasha (6)]
  2016 | D:2      | Killed Natasha
  2017 | D:2      | Reached skill level 5 in Axes
  2598 | D:2      | Noticed Natasha
  2599 | D:2      | 2599 ||| Stepping ~*~*~tactically~*~*~ (hiding).
  2600 | D:2      | 2600 ||| Stepping ~*~*~tactically~*~*~ (hiding).
  2608 | D:2      | HP: 5/26 [Natasha (6)]
  2610 | D:2      | Slain by Natasha

Levels and vault maps discovered:
D:1:      dpeg_arrival_arbitrary_c, layout_basic,
          shapermc_ecumenical_altar_acropolis
D:2:      layout_rooms, kennysheep_generic_room_3, uniq_crazy_yiuf_cottage,
          uniq_natasha

Skill      XL: |  1  2  3  4 |
---------------+-------------+-----
Axes           | 3 4 5 |  5.2
Fighting       | |  2.0
Throwing       | |  1.0
Armour         | |  1.1
Dodging        | |  2.1
Spellcasting   | |  2.0
Translocations | |  2.4

Action                   |  1- 3 |  4- 6 || total
-------------------------+-------+-------++-------
Melee: Hand axe          |    68 |    29 ||    97
       Peck              |    10 |     3 ||    13
       Kick              |    16 |     7 ||    23
       Punch             |       |     1 ||     1
Throw: Boomerang         |     7 |       ||     7
  Use: Scroll            |     1 |       ||     1
Armor: Leather armour    |    18 |     8 ||    26
Dodge: Dodged            |    21 |    13 ||    34

Table legend:
 A = Non-vault XP
 B = Vault XP
 C = Vault XP percentage of total XP
 D = Non-vault monster count
 E = Vault monster count
 F = Vault count percentage of total count
                 A         B        C        D         E       F
            +---------+---------+-------+---------+---------+-------
      Total |      98 |      36 |  26.9 |      38 |       1 |   2.6
            +---------+---------+-------+---------+---------+-------
        D:1 |      28 |       0 |   0.0 |      19 |       0 |   0.0
        D:2 |      70 |      36 |  34.0 |      19 |       1 |   5.0
            +---------+---------+-------+---------+---------+-------
